 Dungeon Crawl Stone Soup version 0.31.0-9-g3a7656b989 (webtiles) character file.

Game seed: 2644358911184811420

165 stipulation the Ruffian (level 5, 0/45 HPs)
             Began as a Ghoul Monk on Jan 24, 2024.
             Slain by an orc
             ... wielding a +0 short sword
              (2 damage)
             ... on level 3 of the Dungeon.
             The game lasted 00:01:37 (2539 turns).

stipulation the Ruffian (Ghoul Monk)                Turns: 2539, Time: 00:01:37

Health: 0/45       AC:  3    Str: 17    XL:     5   Next: 46%
Magic:  5/5        EV: 12    Int:  9    God:
Gold:   130        SH:  0    Dex: 11    Spells: 4/4 levels left

rFire   . .          .
                       - Unarmed
rCold   + . .        c - orb {light}
rNeg    + + +        a - +0 robe
rPois   ∞            l - +0 helmet
rElec   .            (no cloak)
rCorr   .            (no gloves)
SInv    .            (no boots)
Will    .....        (no amulet)
Stlth   +            (no ring)
HPRegen 0.00/turn    (no ring)
MPRegen 0.09/turn

%: no passive effects
@: inhibited regen, glowing
A: claws 1, cold resistance 1, negative energy resistance 3, inhibited
regeneration, torment resistance 2, devour on kill
a: no special abilities


You were on level 3 of the Dungeon.
You visited 1 branch of the dungeon, and saw 4 of its levels.

You collected 154 gold pieces.
You spent 24 gold pieces at shops.

Inventory:

Armour
 a - a +0 robe (worn)
 c - an orb of light (worn)
 l - a +0 helmet (worn)
Jewellery
 f - an amulet of guardian spirit
 k - a ring of ice
Wands
 q - a wand of paralysis (7)
Scrolls
 d - a scroll of torment {unknown}
 e - a scroll of vulnerability {unknown}
 g - 5 scrolls of identify
 i - a scroll of blinking {unknown}
 j - a scroll of teleportation {unknown}
 m - a scroll of amnesia {unknown}
 o - a scroll of acquirement {unknown}
Potions
 b - 2 potions of ambrosia
 h - a potion of degeneration {unknown}
 n - a potion of attraction {unknown}
 p - a potion of berserk rage {unknown}


   Skills:
 - Level 3.2 Fighting
 - Level 2.6 Dodging
 + Level 6.6 Unarmed Combat


You had 4 spell levels left.
You didn't know any spells.
Your spell library contained the following spells:

 Spells                   Type           Power      Damage    Failure   Level
 Lesser Beckoning         Tloc           0%         N/A       52%         2
 Gell's Gravitas          Tloc           0%         N/A       77%         3
 Teleport Other           Tloc           0%         N/A       77%         3


Dungeon Overview and Level Annotations

Branches:
Dungeon (4/15)
 Temple: D:4-7

Altars:

Shops:
D:1 [:=?:   D:2 (


Innate Abilities, Weirdness & Mutations

You are immune to poison.
You have sharp fingernails.
Your flesh is cold resistant. (rC+)
You are immune to negative energy. (rN+++)
You do not regenerate when monsters are visible.
You are immune to unholy pain and torment.
You thrive by killing the living.


Message History

The orc priest hits you with a +0 flail.
The gnoll barely misses you. The orc hits you with a +0 short sword.
* * * LOW HITPOINT WARNING * * *
You claw the orc priest!
You kill the orc priest!
You feel better.
You scratch the gnoll but do no damage. The gnoll barely misses you.
The orc hits you with a +0 short sword.
* * * LOW HITPOINT WARNING * * *
You claw the gnoll!
The gnoll is severely wounded.
The gnoll completely misses you. The orc hits you with a +0 short sword.
* * * LOW HITPOINT WARNING * * *
You scratch the gnoll but do no damage.
The gnoll is severely wounded.
The gnoll hits you but does no damage. The orc hits you but does no damage.
You barely miss the gnoll.
The gnoll is severely wounded.
The gnoll hits you with a +0 club.
* * * LOW HITPOINT WARNING * * *
The orc closely misses you.
You scratch the gnoll but do no damage.
The gnoll is severely wounded.
The gnoll closely misses you. The orc hits you but does no damage.
You scratch the orc.
The orc is lightly wounded.
The gnoll completely misses you. The orc misses you.
You scratch the orc.
The orc is severely wounded.
You completely miss the orc.
The orc is severely wounded.
The gnoll hits you with a +0 club.
* * * LOW HITPOINT WARNING * * *
The orc hits you but does no damage.
You barely miss the orc.
The orc is severely wounded.
The gnoll hits you with a +0 club.
* * * LOW HITPOINT WARNING * * *
The orc hits you with a +0 short sword.
You die...

..#..##.##..........).......#
.##..#..##..........#.......####
##.....###.............[.......##
#....## #.....)...........#.....
##.#.## ##.......................
.###.####............#####.......
..........#.#####.......##.(.....
####.####.#.#####o......##.......
###.####......)@.......##.......
#..............)g......##.......
#...............................
#......................##.......
#.......÷..............##.......
#..........#####.......##.......
##..######## ##########.......
#### #.....<. ##......


You could see a gnoll and an orc.

Vanquished Creatures
  2 orc priests (D:3)
  3 adders
  A ribbon worm (D:2)
  5 orcs
  4 bats
  4 endoplasms
  6 giant cockroaches
  2 goblins (D:3)
  13 hobgoblins
  6 jackals
  8 kobolds
  2 quokkas
  4 ball pythons
  5 frilled lizards
  3 rats
68 creatures vanquished.

Notes
Turn   | Place    | Note
-------+----------+-------------------------------------------
     0 | D:1      | stipulation the Ghoul Monk began the quest for the Orb.
     0 | D:1      | Reached XP level 1. HP: 19/19 MP: 1/1
    41 | D:1      | Found Lutoafoc's Armour Boutique.
   255 | D:1      | Reached XP level 2. HP: 26/26 MP: 2/2
   257 | D:1      | Reached skill level 4 in Unarmed Combat
   418 | D:1      | Found Layseirgh's Book Emporium.
   459 | D:1      | Found Puysyth's Book Shop.
   475 | D:1      | Found Arapaat's Magic Scroll Emporium.
   483 | D:1      | Bought a scroll of identify for 24 gold pieces
   510 | D:1      | Found Udituk's Jewellery Emporium.
   772 | D:1      | Reached XP level 3. HP: 31/31 MP: 3/3
  1089 | D:2      | Found Qugeacop's Weapon Boutique.
  1150 | D:2      | Reached skill level 5 in Unarmed Combat
  1559 | D:2      | Reached XP level 4. HP: 16/38 MP: 4/4
  2468 | D:3      | Reached skill level 6 in Unarmed Combat
  2468 | D:3      | Reached XP level 5. HP: 38/45 MP: 5/5
  2539 | D:3      | HP: 2/45 [gnoll/+0 club (1)]
  2539 | D:3      | Slain by an orc

Illustrated notes

Levels and vault maps discovered:
D:1:      minmay_arrival_three_doors, layout_loops_corners, serial_shops, shop,
          nicolae_shop_hallway_plus, nicolae_book_shop_shelving, shop,
          nicolae_shop_gaudy_bauble, serial_bayou_lagoon_b
D:2:      layout_basic, serial_shops, shop
D:3:      layout_rooms
D:4:      layout_rooms, serial_shops,
          nicolae_shop_temple_entry_statues_fountains,
          dreamdust_princess_corridor, minmay_pentomino_pile

Skill      XL: |  1  2  3  4 |
---------------+-------------+-----
Unarmed Combat | 4 5 6 |  6.6
Fighting       | |  3.2
Dodging        | |  2.6

Action                     |  1- 3 |  4- 6 || total
---------------------------+-------+-------++-------
  Melee: Unarmed           |    97 |    59 ||   156
 Armour: Robe              |    45 |    48 ||    93
  Dodge: Dodged            |    59 |    43 ||   102
